 Dungeon Crawl Stone Soup version 0.29.1-2-gbd0b4ee654 (webtiles) character file.

Game seed: 13510170957601478622

52 GorkyZ the Trooper (level 3, -5/23 HPs)
             Began as a Gargoyle Fighter on Dec 1, 2022.
             Slain by a gnoll
             ... wielding a +0 spear
              (7 damage)
             ... on level 2 of the Dungeon.
             The game lasted 00:04:31 (1442 turns).

GorkyZ the Trooper (Gargoyle Fighter)               Turns: 1442, Time: 00:04:32

Health: -5/23      AC: 10    Str: 21    XL:     3   Next: 85%
Magic:  3/3        EV:  9    Int:  8    God:
Gold:   42         SH:  4    Dex:  9    Spells: 2/2 levels left

rFire   . . .      SeeInvis .   a - +0 war axe
rCold   . . .      Faith    .   c - +0 buckler
rNeg    + . .      Spirit   .   b - +0 scale mail
rPois   ∞          Reflect  .   (no helmet)
rElec   +          Harm     .   (no cloak)
rCorr   .          Rampage  .   (no gloves)
Will    .....                   (no boots)
Stlth   ..........              (no amulet)
HPRegen 0.07/turn               (no ring)
MPRegen 0.08/turn               (no ring)

@: no status effects
A: sickness immunity, AC +3, negative energy resistance 1, electricity
resistance, torment resistance 1, petrification resistance
a: no special abilities


You were on level 2 of the Dungeon.
You visited 1 branch of the dungeon, and saw 2 of its levels.

You collected 42 gold pieces.

Inventory:

Hand Weapons
 a - a +0 war axe (weapon)
Armour
 b - a +0 scale mail (worn)
 c - a +0 buckler (worn)
Scrolls
 f - 2 scrolls of blinking
Potions
 d - a potion of might
 e - 2 potions of haste
 h - a potion of attraction {unknown}
 j - a potion of berserk rage {unknown}
 k - a potion of curing {unknown}


   Skills:
 + Level 3.5 Fighting
 + Level 2.2 Axes
 + Level 0.9 Throwing
 + Level 3.5 Armour
 + Level 0.6 Dodging
 + Level 3.5 Shields
 + Level 1.0 Evocations


You had 2 spell levels left.
You didn't know any spells.
Your spell library was empty.

Dungeon Overview and Level Annotations

Branches:
Dungeon (2/15)

Altars:


Innate Abilities, Weirdness & Mutations

You are immune to sickness and miasma.
Your stone body is resilient. (AC +3)
You are immune to poison.
You resist negative energy. (rN+)
You are resistant to electric shocks. (rElec)
You are resistant to unholy torment.
You are immune to petrification.


Message History

The gnoll is moderately wounded.
You barely miss the gnoll. The gnoll hits you but does no damage.
The gnoll hits you with a +0 club.
The gnoll hits you from afar with a +0 spear.
You are too injured to fight recklessly!
You are too injured to fight recklessly!
You are too injured to fight recklessly!
You are too injured to fight recklessly!
You are too injured to fight recklessly!
You are too injured to fight recklessly!
You are too injured to fight recklessly!
You are too injured to fight recklessly!
You are too injured to fight recklessly!
You are too injured to fight recklessly!
You are too injured to fight recklessly!
You are too injured to fight recklessly!
You are too injured to fight recklessly!
You are too injured to fight recklessly!
You are too injured to fight recklessly!
The gnoll attacks as you move away! The gnoll barely misses you.
The gnoll closely misses you. The gnoll attacks as you move away!
You block the gnoll's attack. The gnoll attacks as you move away!
The gnoll hits you with a +0 spear.
* * * LOW HITPOINT WARNING * * *
The gnoll hits you from afar with a +0 spear.
* * * LOW HITPOINT WARNING * * *
The gnoll attacks as you move away! The gnoll barely misses you.
Found 11 gold pieces.
The gnoll closely misses you. The gnoll attacks as you move away!
The gnoll closely misses you.
Found a chain mail.
You barely miss the gnoll.
The gnoll hits you from afar with a +0 spear.
* * * LOW HITPOINT WARNING * * *
The gnoll hits you from afar with a +0 spear.
* * * LOW HITPOINT WARNING * * *
The gnoll hits you but does no damage.
You barely miss the gnoll. x2
The gnoll hits you from afar with a +0 spear!
You die...

....## #..........#
.....## ######.#####
......# #.# ...##.##
..# ..###..## ###
### ##..#####.# ####
##.......#####....[
##..######g...#
#..###Bgg@#
####......g##......#
#.............######
.$.##.##†.##.### ##
#.##.## J# #.#..# $.
#.#.#. ... .... .
.... .## .. ...


You could see 4 gnolls and a giant cockroach.

Vanquished Creatures
  2 dart slugs
  6 ball pythons
  6 bats
  3 endoplasms (D:1)
  A giant cockroach (D:1)
  3 goblins
  4 hobgoblins (D:1)
  6 jackals (D:1)
  5 kobolds
  2 quokkas
  2 frilled lizards
  A rat (D:2)
41 creatures vanquished.

Notes
Turn   | Place    | Note
-------+----------+-------------------------------------------
     0 | D:1      | GorkyZ the Gargoyle Fighter began the quest for the Orb.
     0 | D:1      | Reached XP level 1. HP: 14/14 MP: 1/1
    89 | D:1      | Reached XP level 2. HP: 10/19 MP: 2/2
   550 | D:1      | Reached XP level 3. HP: 21/23 MP: 3/3
   830 | D:1      | Found a faded altar of an unknown god.
  1367 | D:2      | Reached skill level 1 in Evocations
  1442 | D:2      | Slain by a gnoll

Illustrated notes

Levels and vault maps discovered:
D:1:      dpeg_arrival_simpleton_b, layout_basic,
          chequers_ecumenical_altar_simple, chequers_serial_rivers_micro_a
D:2:      layout_rooms, basic_altar

Skill      XL: |  1  2  3 |
---------------+----------+-----
Axes           | 2 |  2.2
Evocations     | 1 |  1.0
Fighting       | |  3.5
Throwing       | |  0.9
Armour         | |  3.5
Dodging        | |  0.6
Shields        | |  3.5

Action                   || total
-------------------------++-------
Melee: War axe           ||   123
  Use: Scroll            ||     3
Armor: Scale mail        ||   105
Dodge: Dodged            ||    88
Block: Buckler           ||    29
